 Dungeon Crawl Stone Soup version 0.25.1-2-g60ff931df9 (webtiles) character file.

Game seed: 13093262226698191712

40518 DildoBatman the Blocker (level 14, -11/106 (110) HPs)
             Began as a Formicid Wizard on Sept 13, 2020.
             Was a High Priest of Kikubaaqudgha.
             Mangled by Urug
             ... wielding a +7 great mace
              (22 damage)
             ... on level 6 of the Lair of Beasts.
             The game lasted 01:22:14 (21826 turns).

DildoBatman the Blocker (Formicid Wizard)          Turns: 21826, Time: 01:22:14

HP:   -11/106 (110) AC: 10    Str: 18    XL:     14   Next: 45%
MP:   34/34         EV: 14    Int: 28    God:    Kikubaaqudgha [*****.]
Gold: 1257          SH: 11    Dex:  9    Spells: 1/27 levels left

rFire    + . .     SeeInvis +   a - +7 hand axe of Recklessness {elec, Int+3}
rCold    . . .     Gourm    .   L - +0 kite shield
rNeg     . . .     Faith    .   o - +0 troll leather armour
rPois    .         Spirit   .   (helmet unavailable)
rElec    .         Reflect  .   P - +0 cloak
rCorr    .         Harm     .   S - +2 pair of gloves
MR       ++...     Clarity  +   (no boots)
Stlth    ++........             (no amulet)
HPRegen  0.67/turn              H - ring "Qeyh" {MP+9 Int+2}
MPRegen  0.24/turn              D - +6 ring of strength

@: lethally poisoned (-11 -> -12)
A: permanent stasis, dig shafts and tunnels, four strong arms, antennae 3,
clarity, fire resistance 1, magic resistance 1, wild magic 1
a: Dig, Shaft Self, Receive Corpses, Torment, Renounce Religion


You were on level 6 of the Lair of Beasts.
You worshipped Kikubaaqudgha.
Kikubaaqudgha was extremely pleased with you.
You were not hungry.

You visited 4 branches of the dungeon, and saw 21 of its levels.
You visited 1 bazaar.
You also visited: Ice Cave.

You collected 2140 gold pieces.
You spent 883 gold pieces at shops.

Inventory:

Hand Weapons
 a - the +7 hand axe of Recklessness (weapon) {elec, Int+3}
   (You found it on level 9 of the Dungeon)

   Occasionally, upon striking a foe, it will discharge some electrical energy
   and cause terrible harm.
   It affects your intelligence (+3).
 b - a +0 hunting sling
 e - a +0 halberd
Missiles
 f - 39 poisoned darts
 i - 426 stones (quivered)
 r - 192 bolts
 t - 182 sling bullets
 F - 232 arrows
 J - 6 datura-tipped darts
 U - 6 atropa-tipped darts
Armour
 o - a +0 troll leather armour (worn)
 p - a +0 tower shield
 L - a +0 kite shield (worn)
 P - a +0 cloak (worn)
 S - a +2 pair of gloves (worn)
Jewellery
 D - a +6 ring of strength (right hand)
 H - the ring "Qeyh" (left hand) {MP+9 Int+2}
   (You found it on level 7 of the Dungeon)

   [ring of magical power]

   It affects your intelligence (+2).
   It affects your magic capacity (+9).
Wands
 c - a wand of clouds (7)
 l - a wand of iceblast (8)
 A - a wand of flame (16)
 R - a wand of paralysis (8)
 V - a wand of acid (15)
Scrolls
 k - 3 scrolls of fog
 q - 5 scrolls of enchant weapon
 x - 4 scrolls of remove curse
 z - 11 scrolls of identify
 C - 3 scrolls of enchant armour {unknown}
 E - a scroll of blinking {unknown}
 I - 6 scrolls of vulnerability {unknown}
 K - a scroll of acquirement
 N - a scroll of amnesia
 Q - 5 scrolls of immolation
Potions
 d - a potion of resistance
 g - 3 potions of mutation
 h - 7 potions of heal wounds
 m - 2 potions of brilliance
 n - a potion of degeneration {unknown}
 s - 2 potions of ambrosia
 u - 9 potions of curing
 w - 4 potions of might
 y - 4 potions of flight
 G - a potion of invisibility
 M - 2 potions of cancellation
 O - a potion of stabbing {unknown}
Miscellaneous
 j - a phantom mirror
 B - a box of beasts
Comestibles
 v - 16 rations


   Skills:
 - Level 10.0 Fighting
 - Level 10.0 Armour
 - Level 7.0 Dodging
 - Level 2.4 Stealth
 - Level 10.6 Shields
 * Level 7.3 Spellcasting
 - Level 6.0 Conjurations
   Level 1.0 Summonings
 - Level 9.0 Necromancy
   Level 0.8 Translocations
   Level 3.0 Transmutations
 - Level 5.0 Fire Magic
 - Level 5.0 Air Magic
 - Level 9.0 Earth Magic


You had one spell level left.
You knew the following spells:

 Your Spells              Type           Power        Failure   Level  Hunger
a - Conjure Flame         Conj/Fire      ######..     3%          3    None
b - Borgnjor's Vile Clut  Necr/Erth      ######....   7%          5    ####...
c - Magic Dart            Conj           ####         1%          1    None
d - Vampiric Draining     Necr           ######....   1%          3    None
e - Mephitic Cloud        Conj/Pois/Air  #####...     7%          3    None
f - Bolt of Magma         Conj/Fire/Erth ######....   16%         5    ####...
h - Dispel Undead         Necr           ######..     3%          4    ##.....
z - Sublimation of Blood  Necr           ######....   1%          2    None

Your spell library contained the following spells:

 Spells                   Type           Power        Failure   Level  Hunger
 Animate Skeleton         Necr           N/A          1%          1    None
 Pain                     Necr           ####         1%          1    None
 Sting                    Tmut/Pois      ###.         5%          1    None
 Apportation              Tloc           ###...       7%          1    None
 Summon Butterflies       Summ           ###.....     7%          1    None
 Animate Dead             Necr           N/A          3%          4    ##.....
 Poisonous Vapours        Pois/Air       ####..       5%          2    None
 Agony                    Necr           ######..     7%          5    ####...
 Call Imp                 Summ           ###.....     10%         2    None
 Ignite Poison            Fire/Tmut/Pois ####....     10%         3    None
 Slow                     Hex            ##......     13%         2    None
 Leda's Liquefaction      Hex/Erth       #####.....   14%         4    ##.....
 Recall                   Summ/Tloc      N/A          17%         3    None
 Lesser Beckoning         Tloc           ###.......   19%         3    None
 Tukima's Dance           Hex            ##......     26%         3    None
 Death Channel            Necr           ######....   30%         6    ######.
 Excruciating Wounds      Chrm/Necr      #####.....   34%         5    ####...
 Iron Shot                Conj/Erth      ######....   47%         6    ######.
 Olgreb's Toxic Radiance  Pois           ##......     61%         4    ##.....
 Statue Form              Tmut/Erth      ######...    69%         6    ######.
 Alistair's Intoxication  Tmut/Pois      ###.....     73%         5    ####...
 Simulacrum               Ice/Necr       #####.....   87%         6    ######.
 Invisibility             Hex            ##......     100%        6    ######.
 Shatter                  Erth           ######....   100%        9    #######
 Blink                    Tloc           Unusable     N/A         2    N/A

Dungeon Overview and Level Annotations

Branches:
Dungeon (12/15)            Temple (1/1) D:4            Lair (6/6) D:10
  Swamp (0/4) Lair:2       Spider (0/4) Lair:3          Orc (2/2) D:11
    Elf (0/3) Orc:2         IceCv (visited)
  Slime: Lair:5-6

Altars:
Ashenzari
Cheibriados
Dithmenos
Elyvilon
Fedhas
Gozag
Hepliaklqana
Kikubaaqudgha
Makhleb
Nemelex Xobeh
Okawaru
Qazlal
Ru
Sif Muna
Trog
Uskayaw
Vehumet
Wu Jian
Xom
Yredelemnul
Zin
The Shining One

Shops:
Orc:1 [   Orc:2 [(***

Annotations:
D:7 2 exclusions
Lair:6 Urug


Innate Abilities, Weirdness & Mutations

You cannot be hasted, slowed, berserked, paralysed or teleported.
You can dig through walls and to a lower floor.
Your four strong arms can wield two-handed weapons with a shield.
You have a pair of large antennae on your head. (SInv)
You possess an exceptional clarity of mind.
Your flesh is heat resistant. (rF+)
You are resistant to hostile enchantments. (MR+)
Your spells are a little harder to cast, but a little more powerful.


Message History

Urug throws a javelin.
The javelin pierces through you!!
You feel sick.
Urug throws a javelin.
The javelin pierces through you!!
Urug grunts loudly.
You feel sick.
You hit Urug.
Urug is lightly wounded.
You feel sick. Urug hits you with a +7 great mace!
You closely miss Urug.
Urug is lightly wounded.
You feel sick. Urug closely misses you.
You hit Urug.
Urug is lightly wounded.
Urug hits you with a +7 great mace!!
You die...
Kikubaaqudgha rasps: "You have failed me!
Welcome... death!"

##...##....##.
###...#..(.......
.♣....#..........#
.....##§.........#
##FFY.........##
#..............##
...P................#
.........#..........#
...............o@..(#
..................#.#
........##P........##
...P..#####.........#
...P.# #....[.....P#
.P..........#
............#
..........###


You could see Urug.

Vanquished Creatures
  3 two-headed ogres
  4 orc high priests
  A necromancer (IceCv)
  5 orc knights
  4 orc sorcerers (Orc:2)
  An elephant (D:10)
  A manticore (D:11)
  2 black mambas
  Joseph (D:6)
  A gargoyle (D:12)
  4 ice statues (IceCv)
  6 komodo dragons
  10 spiny frogs
  2 rime drakes
  7 ice devils (IceCv)
  4 trolls
  7 hippogriffs
  2 hornets (D:9)
  Grinder (D:2)
  13 blink frogs
  A shadow (D:11)
  A vampire (D:11)
  42 yaks
  4 water elementals (D:11)
  A wyvern (Lair:6)
  A hungry ghost (D:11)
  2 basilisks
  2 insubstantial wisps (Lair:2)
  A warg (D:11)
  Duvessa (D:7)
  7 water moccasins
  A soldier ant (D:9)
  6 porcupines
  19 orc warriors
  3 black bears
  An eye of draining (D:11)
  2 ice beasts
  5 sky beasts
  3 phantoms
  7 centaurs
  7 ogres
  4 wolves (Lair:2)
  3 necrophages (D:8)
  6 crocodiles
  2 elf zombies (D:8)
  11 bullfrogs
  Dowan (D:7)
  5 scorpions
  A wyvern skeleton (D:12)
  3 killer bees (D:10)
  4 wights (D:10)
  A bullfrog zombie (D:11)
  3 crimson imps
  2 draconian simulacra (IceCv)
  A centaur zombie (D:12)
  12 orc priests
  5 hounds
  2 centaur skeletons
  Crazy Yiuf (D:3)
  A bullfrog skeleton (D:10)
  6 human zombies (D:8)
  Natasha (thrice) (D:3 D:4)
  A human skeleton (D:8)
  2 iguanas
  20 orc wizards
  A troll simulacrum (IceCv)
  7 worker ants
  A hound zombie (D:7)
  A mummy (D:8)
  2 worker ant zombies
  4 hound skeletons
  Robin (D:2)
  9 adders
  4 gnolls (D:3)
  4 naga simulacra (IceCv)
  3 ogre simulacra (IceCv)
  3 shadow imps
  An ooze (D:3)
  2 adder skeletons
  2 worms
  3 dart slugs
  7 leopard geckos
  55 orcs
  A ball python (D:1)
  4 giant cockroaches
  17 goblins
  7 hobgoblins
  14 jackals
  9 kobolds
  4 quokkas
  A bat (D:2)
  2 frilled lizards (D:2)
  A leopard gecko skeleton (D:4)
  4 rats (D:1)
  2 butterflies (D:6)
472 creatures vanquished.

Vanquished Creatures (others)
  An electric eel (Lair:4)
  3 fungi (Lair:5)
  8 plants
12 creatures vanquished.

Grand Total: 484 creatures vanquished

Notes
Turn   | Place    | Note
-------+----------+-------------------------------------------
     0 | D:1      | DildoBatman the Formicid Wizard began the quest for the
                  | Orb.
     0 | D:1      | Reached XP level 1. HP: 13/13 MP: 4/4
    30 | D:1      | Reached skill level 1 in Conjurations
   124 | D:1      | Reached XP level 2. HP: 17/19 MP: 3/6
   727 | D:1      | Reached XP level 3. HP: 24/24 MP: 1/7
  1036 | D:2      | Found a hide-covered altar of Uskayaw.
  1645 | D:2      | Reached XP level 4. HP: 30/30 MP: 5/8
  2118 | D:3      | Found a shadowy altar of Dithmenos.
  2383 | D:3      | Reached XP level 5. HP: 16/35 MP: 9/9
  2388 | D:3      | Learned a level 3 spell: Conjure Flame
  2392 | D:3      | Learned a level 3 spell: Mephitic Cloud
  2562 | D:3      | Noticed Robin
  2826 | D:3      | Reached skill level 1 in Fire Magic
  2908 | D:3      | Noticed Grinder
  3170 | D:3      | Found a runed translucent door.
  3171 | D:3      | Noticed Crazy Yiuf
  3233 | D:3      | Noticed Natasha
  3397 | D:4      | Reached skill level 1 in Air Magic
  3399 | D:4      | Reached XP level 6. HP: 39/41 MP: 6/10
  3449 | D:4      | Found a stormy altar of Qazlal.
  3599 | D:4      | Found a staircase to the Ecumenical Temple.
  3608 | Temple   | Entered the Ecumenical Temple
  3766 | D:4      | Reached XP level 7. HP: 46/46 MP: 1/11
  4154 | D:5      | Entered Level 5 of the Dungeon
  4185 | D:5      | Reached skill level 5 in Conjurations
  4311 | D:5      | Found a shattered altar of Ashenzari.
  4687 | D:5      | Found a glowing silver altar of Zin.
  4785 | D:5      | Learned a level 3 spell: Ignite Poison
  5616 | D:6      | Found a sacrificial altar of Ru.
  5643 | D:6      | Found an ornate altar of the Wu Jian Council.
  5706 | D:6      | Reached XP level 8. HP: 48/52 MP: 6/12
  5835 | D:6      | Found a shimmering altar of Xom.
  6178 | D:7      | Found an iron altar of Okawaru.
  6287 | D:7      | Noticed Joseph
  6596 | D:7      | Noticed Duvessa
  6639 | D:7      | Found a glowing golden altar of the Shining One.
  6796 | D:7      | Got a translucent wooden ring
  6797 | D:7      | Identified the ring "Qeyh" {MP+9 Int+2} (You found it on
                  | level 7 of the Dungeon)
  7147 | D:8      | Noticed a two-headed ogre
  7159 | D:8      | Noticed a two-headed ogre
  7193 | D:7      | Reached skill level 5 in Fire Magic
  7386 | D:8      | Found a bloodstained altar of Trog.
  7435 | D:8      | Reached skill level 5 in Air Magic
  7435 | D:8      | Reached XP level 9. HP: 57/57 MP: 13/13
  7667 | D:8      | Reached skill level 1 in Fighting
  7667 | D:8      | Reached skill level 1 in Armour
  7894 | D:8      | Found an ancient bone altar of Kikubaaqudgha.
  7932 | D:8      | Became a worshipper of Kikubaaqudgha
  8250 | D:2      | Killed Robin
  8304 | D:2      | Killed Grinder
  8468 | D:3      | Killed Crazy Yiuf
  8592 | D:3      | Killed Natasha
  8699 | D:3      | Noticed Natasha
  8721 | D:4      | Killed Natasha
  8886 | D:4      | Noticed Natasha
  8895 | D:4      | Killed Natasha
  8895 | D:4      | Reached skill level 1 in Transmutations
  9248 | D:6      | Killed Joseph
  9248 | D:6      | Reached XP level 10. HP: 41/72 MP: 11/14
  9317 | D:7      | Noticed Dowan
  9335 | D:7      | Killed Duvessa
  9339 | D:7      | Killed Dowan
  9606 | D:8      | Reached skill level 5 in Fighting
  9606 | D:8      | Reached skill level 5 in Armour
  9897 | D:8      | Killed a two-headed ogre
 10034 | D:8      | Found a shimmering blue altar of Sif Muna.
 10196 | D:8      | Killed a two-headed ogre
 10196 | D:8      | Reached skill level 1 in Shields
 10196 | D:8      | Reached skill level 1 in Necromancy
 10501 | D:9      | Noticed a two-headed ogre
 10544 | D:9      | Killed a two-headed ogre
 10544 | D:9      | Reached skill level 5 in Shields
 10591 | D:9      | Reached XP level 11. HP: 74/75 MP: 21/21
 10607 | D:9      | Found a radiant altar of Vehumet.
 10948 | D:9      | Got a brightly glowing hand axe
 10951 | D:9      | Identified the +7 hand axe of Recklessness {elec, Int+3}
                  | (You found it on level 9 of the Dungeon)
 11118 | D:10     | Entered Level 10 of the Dungeon
 11370 | D:10     | Reached * piety under Kikubaaqudgha
 11370 | D:10     | Identified Kikubaaqudgha's Tome of Evil Arts (Kikubaaqudgha
                  | gifted it to you on level 10 of the Dungeon)
 11370 | D:10     | Received a gift from Kikubaaqudgha
 11692 | D:10     | Found a staircase to the Lair.
 11694 | D:10     | Noticed an elephant
 11713 | D:10     | Killed an elephant
 11715 | D:10     | Reached skill level 5 in Necromancy
 11727 | D:10     | Learned a level 2 spell: Sublimation of Blood
 11731 | D:10     | Learned a level 3 spell: Vampiric Draining
 12407 | D:11     | Reached ** piety under Kikubaaqudgha
 12518 | D:11     | Reached XP level 12. HP: 65/82 MP: 14/22
 12589 | D:11     | Found a staircase to the Orcish Mines.
 12736 | D:11     | Found a flickering gateway to a bazaar.
 12790 | D:11     | Reached skill level 5 in Dodging
 12809 | D:11     | Reached *** piety under Kikubaaqudgha
 12809 | D:11     | Identified Kikubaaqudgha's Handbook of Stolen Souls
                  | (Kikubaaqudgha gifted it to you on level 11 of the Dungeon)
 12809 | D:11     | Received a gift from Kikubaaqudgha
 12839 | D:11     | Learned a level 4 spell: Dispel Undead
 12860 | Bazaar   | Entered a bazaar
 12860 | Bazaar   | Found Kyudideg's Magic Scroll Boutique.
 12860 | Bazaar   | Found Jimy's Weapon Shoppe.
 12860 | Bazaar   | Found Douj's Assorted Antiques.
 12860 | Bazaar   | Found Veonouwo's Antique Armour Shoppe.
 12862 | Bazaar   | Found Ycek's Jewellery Shop.
 12862 | Bazaar   | Found Ehonedah's Armour Emporium.
 12886 | Bazaar   | Bought a scroll of identify for 16 gold pieces
 12886 | Bazaar   | Bought a scroll of identify for 16 gold pieces
 12886 | Bazaar   | Bought a scroll of acquirement for 416 gold pieces
 12886 | Bazaar   | Bought a scroll of immolation for 28 gold pieces
 12886 | Bazaar   | Bought a scroll of identify for 16 gold pieces
 12889 | Bazaar   | Bought a scroll of identify for 38 gold pieces
 12889 | Bazaar   | Bought a lumpy dark potion for 17 gold pieces
 12889 | Bazaar   | Bought a lumpy cyan potion for 17 gold pieces
 12889 | Bazaar   | Bought a scroll labeled BILOBLAIBE for 19 gold pieces
 12889 | Bazaar   | Bought a scroll labeled QIPRUOLEPNO for 19 gold pieces
 12889 | Bazaar   | Bought a scroll of immolation for 66 gold pieces
 12889 | Bazaar   | Bought a scroll of identify for 38 gold pieces
 13093 | D:11     | Learned a level 5 spell: Bolt of Magma
 14029 | Orc:1    | Entered Level 1 of the Orcish Mines
 14106 | Orc:1    | Reached skill level 1 in Earth Magic
 14361 | Orc:1    | Found Kivaros's Antique Armour Shoppe.
 14779 | Orc:2    | Entered Level 2 of the Orcish Mines
 14779 | Orc:2    | Found a staircase to the Elven Halls.
 14822 | Orc:2    | Found a burning altar of Makhleb.
 15041 | Orc:2    | Reached **** piety under Kikubaaqudgha
 15134 | Orc:2    | Found Wykk's Armour Shoppe.
 15367 | Orc:2    | Noticed an orc high priest
 15405 | Orc:2    | Killed an orc high priest
 15538 | Orc:2    | Noticed an orc high priest
 15580 | Orc:2    | Killed an orc high priest
 15588 | Orc:2    | Reached XP level 13. HP: 34/92 MP: 1/23
 15963 | Orc:2    | Found Maun's General Store.
 15963 | Orc:2    | Found Oplasage's Weapon Boutique.
 15965 | Orc:2    | Found Rezuorod's General Store.
 15965 | Orc:2    | Found Zoixkeogh's General Store.
 16325 | Orc:2    | Bought a scroll of noise for 14 gold pieces
 16325 | Orc:2    | Bought a scroll of identify for 28 gold pieces
 16327 | Orc:2    | Bought a potion of curing for 30 gold pieces
 16330 | Orc:2    | Bought a scroll of identify for 30 gold pieces
 16330 | Orc:2    | Bought a potion of heal wounds for 75 gold pieces
 16433 | D:11     | Gained mutation: You possess an exceptional clarity of
                  | mind. [potion of mutation]
 16433 | D:11     | Gained mutation: Your flesh is heat resistant. (rF+)
                  | [potion of mutation]
 16433 | D:11     | Gained mutation: You are resistant to hostile enchantments.
                  | (MR+) [potion of mutation]
 16433 | D:11     | Gained mutation: Your spells are a little harder to cast,
                  | but a little more powerful. [potion of mutation]
 16517 | D:12     | Reached skill level 5 in Earth Magic
 17162 | Lair:1   | Entered Level 1 of the Lair of Beasts
 17181 | Lair:1   | Found a frozen archway.
 17200 | IceCv    | Entered an ice cave
 18423 | IceCv    | Got a wizard robe
 18888 | Lair:1   | Reached ***** piety under Kikubaaqudgha
 19373 | Lair:2   | Identified the +1 robe "Nobumn" {rC+++ Regen+ Str-3 Stlth+}
                  | (You found it in an ice cave)
 19399 | Lair:2   | Found a staircase to the Swamp.
 20461 | Lair:3   | Reached XP level 14. HP: 100/104 MP: 24/24
 20755 | Lair:3   | Found a hole to the Spider Nest.
 20888 | Lair:3   | Reached skill level 10 in Fighting
 20888 | Lair:3   | Reached skill level 10 in Armour
 20924 | Lair:3   | You fall into a shaft and drop 3 floors!
 20924 | Lair:6   | Entered Level 6 of the Lair of Beasts
 20989 | Lair:6   | Reached skill level 10 in Shields
 21172 | Lair:4   | Learned a level 5 spell: Borgnjor's Vile Clutch
 21751 | Lair:4   | You fall into a shaft and drop 1 floor!
 21816 | Lair:5   | You fall into a shaft and drop 1 floor!
 21816 | Lair:6   | Noticed Urug
 21826 | Lair:6   | Mangled by Urug

Illustrated notes

Levels and vault maps discovered:
D:1:      evilmike_arrival_plus, layout_loops_ring
D:2:      layout_rooms, eat_drink_and_be_merry_uskayaw
D:3:      layout_loops_corners, first_ration, hex_tiny,
          grunt_dithmenos_smoke_and_mirrors, uniq_robin, uniq_grinder,
          uniq_natasha, uniq_crazy_yiuf_cottage
D:4:      layout_loops_ring, nicolae_qazlal_general_emergency,
          minmay_temple_entry_stoned_glass, serial_park_tiny_1
D:5:      layout_cave_pods, zin_treasury, nicolae_ashenzari_panopticon
D:6:      layout_loops_ring, xom_butterflies, kennysheep_little_box, basic_altar
D:7:      layout_loops_ring, lemuel_round_altar, tso_metal_star, uniq_joseph,
          uniq_duvessa
D:8:      layout_basic, lemuel_mausoleum_altar_kikubaaqudgha,
          lemuel_round_altar, overflow_temple_1_default
D:9:      layout_basic, vehumet_altar_wand_db, hangedman_pestilent_swarm,
          minivault_22, minivault_24, chequers_mini_garden
D:10:     layout_stronghold, david_lair_generic
D:11:     layout_layer_cave, erik_orc_3, serial_shops, bzr_entry_gold,
          nicolae_underground_beach
D:12:     layout_basic, chequers_serial_rivers_small_a
Temple:   cyrus_temple_forest
Lair:1:   layout_regular_city, portal_ice_cave_entry_pillars_1
Lair:2:   layout_layer_cave, minmay_swamp_entry_wisps
Lair:3:   layout_hall_layers, spider_nest_entry_a, grunt_megastairs_3
Lair:4:   layout_gridlike, grunt_forest_small_clearings
Lair:5:   layout_concentric_octagons, grunt_forest_stairs_clearing
Lair:6:   grunt_lair_end_beastmaster, layout_gridlike, slime_dummy,
          grunt_megastairs_5, minmay_lair_oklob_chamber, uniq_urug
Orc:1:    layout_diamond_mine, serial_shops, nicolae_shop_crystal, mines2_lemuel
Orc:2:    grunt_orc_tribal_feast, layout_caves, serial_shops, shop,
          bloody_makhleb

Skill      XL: |  1  2  3  4  5  6  7  8  9 10 11 12 13 14 |
---------------+-------------------------------------------+-----
Conjurations   | 1 2 3 4 5 6 |  6.0
Fire Magic     | 1 2 3 5 |  5.0
Air Magic      | 1 2 3 5 |  5.0
Dodging        | 4 6 7 |  7.0
Fighting       | 4 5 7 9 10 | 10.0
Armour         | 4 5 7 9 10 | 10.0
Transmutations | 2 3 |  3.0
Spellcasting   | 7 |  7.3
Shields        | 5 9 10 | 10.6
Necromancy     | 1 7 9 |  9.0
Earth Magic    | 4 7 9 |  9.0
Stealth        | |  2.4
Summonings     | |  1.0
Translocations | |  0.8

Action                   |  1- 3 |  4- 6 |  7- 9 | 10-12 | 13-15 || total
-------------------------+-------+-------+-------+-------+-------++-------
Melee: Spear             |    10 |       |       |       |       ||    10
       Short sword       |    17 |       |       |       |       ||    17
       Dagger            |       |    38 |   121 |    32 |       ||   191
       Halberd           |       |       |     4 |    62 |    26 ||    92
       Hunting sling     |       |       |     1 |       |       ||     1
       Mace              |       |       |    11 |       |       ||    11
       Hand axe          |       |       |       |   364 |   382 ||   746
 Fire: Hunting sling     |       |    82 |   109 |    86 |       ||   277
 Cast: Magic Dart        |    72 |    54 |   124 |    30 |    28 ||   308
       Mephitic Cloud    |       |     6 |    19 |    62 |    32 ||   119
       Conjure Flame     |       |     4 |    27 |    61 |    35 ||   127
       Ignite Poison     |       |       |     1 |    20 |    17 ||    38
       Vampiric Draining |       |       |       |    23 |    52 ||    75
       Dispel Undead     |       |       |       |     2 |       ||     2
       Bolt of Magma     |       |       |       |       |    22 ||    22
       Sublimation of Bl |       |       |       |       |     1 ||     1
 Abil: Dig               |       |     4 |    21 |    29 |    20 ||    74
  Use: Scroll            |       |     2 |     4 |     6 |    10 ||    22
       Potion            |       |       |     1 |       |     2 ||     3
 Stab: Sleeping          |     1 |       |     1 |     1 |     2 ||     5
       Confused          |       |       |     6 |    18 |    10 ||    34
  Eat: Chunk             |     2 |     8 |    15 |    31 |    15 ||    71
       Ration            |       |       |     2 |       |     4 ||     6
Armor: Robe              |     7 |     8 |    12 |       |       ||    27
       Ring mail         |       |       |     2 |    40 |       ||    42
       Troll leather arm |       |       |       |    35 |    99 ||   134
Dodge: Dodged            |    24 |    46 |    82 |   169 |   247 ||   568
Block: Tower shield      |       |       |     7 |       |       ||     7
       Kite shield       |       |       |       |   143 |   275 ||   418
